Knights vs Carnivores

Created - April 29, 2020 at 20:01

Goals
1 2 3 T
Knights 0 1 1 2
Carnivores 1 3 0 4
Shots
1 2 3 T
Knights 11 6 13 30
Carnivores 10 8 12 30

1st period

1. Carnivores , Chris Lawrence 41 (Scott Laughton 36, Blake Geoffrion 55) at 19:27

Penalties :
Scott Laughton (Bre) for Goalie Interference (Minor) at 0:28, Josh Bailey (Lon) for Roughing (Minor) at 0:33

2nd period

2. Carnivores , Mark McNeill 19 (Markus Granlund 47, Andreas Englund 5) at 2:16
3. Carnivores , Anton Gustafsson 37 (Nicolas Kerdiles 28) at 5:21
4. Carnivores , Markus Granlund 20 (Barret Jackman 7, Josh Morrissey 28) at 6:17
5. Knights , Nikolaj Ehlers 21 (Josh Bailey 42, Noel Acciari 49) at 9:26 (PP)

Penalties :
Chris Lawrence (Bre) for Interference (Minor) at 9:20, Anton Gustafsson (Bre) for Holding (Minor) at 9:48

3rd period

6. Knights , Nikolaj Ehlers 22 (Josh Bailey 43, Noel Acciari 50) at 3:51 (PP)

Penalties :
Scott Laughton (Bre) for Tripping (Minor) at 3:46, Barret Jackman (Bre) for Slashing (Minor) at 9:27

Goalie Stats

Magnus Hellberg (Lon), 14 saves from 14 shots - (1.000), 33:43 minutes
Elvis Merzlikins (Lon), 12 saves from 16 shots - (0.750), L, 17-7-1, 26:17 minutes
Tristan Jarry (Bre), 28 saves from 30 shots - (0.933), W, 8-15-1, 60:00 minutes

Players Stats for Knights

Player Name              G  A  P  +/- PIM S  H  SB GA TA FO     MP     PP MP  PK MP  
------------------------------------------------------------------------------------
Brendan Gaunce           0  0  0  -2  0   1  1  0  0  0  2/2    11:49   0:00   0:00 
Collin Miller            0  0  0  -1  0   1  3  1  0  1  0/0    18:30   2:42   0:00 
Dwight King              0  0  0  -1  0   3  1  0  1  0  0/1    21:14   1:45   0:02 
Jaccob Slavin            0  0  0  -2  0   4  0  2  0  1  0/0    24:43   2:42   0:00 
Jordan Martinook         0  0  0  -1  0   1  2  0  2  0  0/0    16:32   0:00   0:03 
Josh Bailey              0  2  2  -1  2   1  3  0  2  0  0/0    17:25   2:28   0:00 
Linden Vey               0  0  0  -2  0   1  2  0  0  0  0/0    12:17   0:00   0:00 
Ludwig Bystrom           0  0  0  -1  0   2  1  1  0  1  0/0    12:24   0:00   0:00 
Michael Matheson         0  0  0  -1  0   1  1  1  0  2  0/0    18:25   1:32   0:05 
Miro Aaltonen            0  0  0  -1  0   2  0  1  1  0  7/18   17:31   1:45   0:00 
Nathan Walker            0  0  0   0  0   1  2  0  1  0  0/0     8:17   0:00   0:00 
Nicolas Petan            0  0  0   0  0   1  0  0  0  0  1/1     8:17   0:00   0:00 
Nikolaj Ehlers           2  0  2  -2  0   3  0  1  0  0  0/0    13:44   2:29   0:02 
Noel Acciari             0  2  2  -1  0   3  1  0  3  1  15/32  22:08   2:29   0:03 
Olli Maatta              0  0  0  -1  0   0  0  2  1  1  0/0    21:55   0:00   0:05 
Ryan Strome              0  0  0  -1  0   3  3  0  0  1  0/1    20:29   1:45   0:00 
Tomas Kundratek          0  0  0  -2  0   0  2  3  0  1  0/0    24:03   1:32   0:00 
Vince Hinostroza         0  0  0   0  0   2  0  0  0  0  0/0     8:17   0:00   0:00 

Players Stats for Carnivores

Player Name              G  A  P  +/- PIM S  H  SB GA TA FO     MP     PP MP  PK MP  
------------------------------------------------------------------------------------
Andreas Englund          0  1  1   2  0   0  1  1  0  0  0/0    18:35   0:00   1:20 
Anton Gustafsson         1  0  1   1  2   2  1  0  0  0  9/15   16:25   0:00   1:10 
Barret Jackman           0  1  1   1  2   1  1  3  2  0  0/0    22:39   0:05   1:25 
Blake Geoffrion          0  1  1   1  0   3  2  1  2  0  0/0    19:13   0:05   0:00 
Brett Connolly           0  0  0   0  0   1  1  0  1  0  0/1     9:30   0:00   0:00 
Chris Lawrence           1  0  1   1  2   4  1  0  1  3  1/1    21:58   0:05   1:58 
Christian Djoos          0  0  0   1  0   1  2  2  0  1  0/0    13:30   0:00   1:20 
Hunter Shinkaruk         0  0  0   0  0   1  1  0  0  0  0/0    10:47   0:00   0:38 
Joel Armia               0  0  0   1  0   4  0  0  0  1  0/1    14:18   0:00   0:00 
Josh Morrissey           0  1  1   1  0   1  2  2  0  2  0/0    28:10   0:05   2:24 
Lucas Wallmark           0  0  0   0  0   1  0  0  0  0  3/4     9:30   0:00   0:00 
Mark McNeill             1  0  1   2  0   4  0  0  0  1  0/0    10:37   0:00   0:00 
Markus Granlund          1  1  2   2  0   1  3  0  0  0  1/4    11:30   0:00   0:53 
Mattias Backman          0  0  0   1  0   0  0  2  0  0  0/0    13:03   0:00   0:38 
Nicolas Kerdiles         0  1  1   1  0   2  3  0  0  2  0/0    17:03   0:00   1:32 
Oskar Lindblom           0  0  0   2  0   1  1  0  1  0  1/2    12:57   0:00   1:24 
Scott Laughton           0  1  1   1  4   2  1  0  1  0  15/27  19:57   0:05   0:53 
T.J Brodie               0  0  0   2  0   1  0  2  1  1  0/0    17:15   0:00   0:00 
Trevor Van Riemsdyk      0  0  0   0  0   0  0  1  0  0  0/0     6:50   0:00   1:21 

3 Stars

1 - Markus Granlund (Bre)
2 - Mark McNeill (Bre)
3 - Andreas Englund (Bre)

Power Play

Knights - 2 on 5 Attempt(s) - 40.00%
Carnivores - 0 on 1 Attempt(s) - 0.00%

Penalty Kill

Knights - 1 on 1 Attempt(s) - 100.00% - Score 0 goal in Penalty Kill
Carnivores - 3 on 5 Attempt(s) - 60.00% - Score 0 goal in Penalty Kill

Team Stat

Knights - Hits : 22 - Faceoff Wins : 25 - Blocked Shots : 12 - Penalty Minutes : 2
Carnivores - Hits : 20 - Faceoff Wins : 30 - Blocked Shots : 14 - Penalty Minutes : 10

Official

Referees : Unknown
Linesman : Unknown

Game Notes

Magnus Hellberg enters game at 6:17 of 2nd period

Finance

Level 1 -- Attendance: 1335 (66.75%) -- Ticket Income $53,400
Level 2 -- Attendance: 654 (65.40%) -- Ticket Income $13,080
Total Attendance: 1989 (66.30%)
Total Ticket Income: $66,480
Other Income: $3,324
Total Income: $69,804

Knights

5 vs 5 Forward 
   Center                   Left Wing                Right Wing               Time % Phy DF OF 
 1 Noel Acciari             Dwight King              Ryan Strome              40     1   1  3  
 2 Miro Aaltonen            Jordan Martinook         Josh Bailey              30     1   2  2  
 3 Brendan Gaunce           Nikolaj Ehlers           Linden Vey               20     1   2  2  
 4 Nicolas Petan            Nathan Walker            Vince Hinostroza         10     1   2  2  

5 vs 5 Defense 
   Defense                  Defense                                           Time % Phy DF OF 
 1 Jaccob Slavin            Tomas Kundratek                                   40     1   2  2  
 2 Collin Miller            Olli Maatta                                       30     1   2  2  
 3 Michael Matheson         Ludwig Bystrom                                    20     1   2  2  
 4 Michael Matheson         Olli Maatta                                       10     1   2  2  

PowerPlay Forward 
   Center                   Left Wing                Right Wing               Time % Phy DF OF 
 1 Noel Acciari             Nikolaj Ehlers           Josh Bailey              60     0   1  4  
 2 Miro Aaltonen            Dwight King              Ryan Strome              40     0   1  4  

PowerPlay Defense
   Defense                  Defense                                           Time % Phy DF OF 
 1 Collin Miller            Jaccob Slavin                                     60     0   1  4  
 2 Michael Matheson         Tomas Kundratek                                   40     0   1  4  

Penalty Kill 4 Players Forward 
   Center                   Wing                     Time % Phy DF OF 
 1 Dwight King              Jordan Martinook         60     1   3  1  
 2 Noel Acciari             Vince Hinostroza         40     1   3  1  

Penalty Kill 4 Players Defense
   Defense                  Defense                  Time % Phy DF OF 
 1 Tomas Kundratek          Olli Maatta              60     1   3  1  
 2 Jaccob Slavin            Michael Matheson         40     1   3  1  

Penalty Kill - 3 Players Forward 
   Forward                                           Time % Phy DF OF 
 1 Noel Acciari                                      60     0   4  1  
 2 Vince Hinostroza                                  40     0   4  1  

Penalty Kill - 3 Players Defense
   Defense                  Defense                  Time % Phy DF OF 
 1 Jaccob Slavin            Olli Maatta              60     1   3  1  
 2 Michael Matheson         Tomas Kundratek          40     1   3  1  

4 vs 4 Forward 
   Center                   Wing                     Time % Phy DF OF 
 1 Noel Acciari             Josh Bailey              60     1   2  2  
 2 Miro Aaltonen            Dwight King              40     1   2  2  

4 vs 4 Defense
   Defense                  Defense                  Time % Phy DF OF 
 1 Tomas Kundratek          Jaccob Slavin            60     1   2  2  
 2 Olli Maatta              Collin Miller            40     1   2  2  

Last Minutes Offensive
   Center                   Left Wing                Right Wing               Defense                  Defense                  
   Noel Acciari             Dwight King              Josh Bailey              Tomas Kundratek          Jaccob Slavin            

Last Minutes Defensive
   Center                   Left Wing                Right Wing               Defense                  Defense                  
   Noel Acciari             Jordan Martinook         Vince Hinostroza         Olli Maatta              Tomas Kundratek          

Goaltenders
Starting : Elvis Merzlikins         
Backup : Magnus Hellberg          

Extra Forwards
Normal : Jordan Martinook, Linden Vey, Dwight King - PP : Linden Vey, Miro Aaltonen - PK : Josh Bailey
Extra Defensemen
Normal : Olli Maatta, Michael Matheson, Collin Miller - PP : Michael Matheson - PK : Ludwig Bystrom, Michael Matheson
Penalty Shots
Noel Acciari, Miro Aaltonen, Ryan Strome, Linden Vey, Dwight King

Scratches
Zach Nastasiuk (Healthy), Nicklas Jensen (Healthy), Alan Quine (Healthy), David Shields (Healthy), Matthew Benning (Healthy)
Trevor Moore (Healthy), Scott Wilson (Healthy), Curtis Valk (Healthy), Anthony Louis (Healthy), Travis Boyd (Healthy)
Fredrik Claesson (Healthy), Mackenzie MacEachern (Healthy), Valentin Zykov (Healthy), Jayce Hawryluk (Healthy), Kevin Fiala (Healthy)
A.J. Jenks (Healthy), Ryan Collins (Healthy), William Lagesson (Healthy), Eamon McAdam (Healthy), Philippe Desrosiers (Healthy)
Ville Husso (Healthy)

Carnivores

5 vs 5 Forward 
   Center                   Left Wing                Right Wing               Time % Phy DF OF 
 1 Scott Laughton           Blake Geoffrion          Chris Lawrence           40     1   2  2  
 2 Anton Gustafsson         Nicolas Kerdiles         Joel Armia               30     1   2  2  
 3 Markus Granlund          Oskar Lindblom           Mark McNeill             20     1   2  2  
 4 Lucas Wallmark           Hunter Shinkaruk         Brett Connolly           10     1   2  2  

5 vs 5 Defense 
   Defense                  Defense                                           Time % Phy DF OF 
 1 Barret Jackman           Josh Morrissey                                    40     1   2  2  
 2 Andreas Englund          T.J Brodie                                        30     1   2  2  
 3 Christian Djoos          Mattias Backman                                   20     1   2  2  
 4 Josh Morrissey           Trevor Van Riemsdyk                               10     1   2  2  

PowerPlay Forward 
   Center                   Left Wing                Right Wing               Time % Phy DF OF 
 1 Scott Laughton           Blake Geoffrion          Chris Lawrence           60     1   1  3  
 2 Anton Gustafsson         Nicolas Kerdiles         Joel Armia               40     1   1  3  

PowerPlay Defense
   Defense                  Defense                                           Time % Phy DF OF 
 1 Barret Jackman           Josh Morrissey                                    60     1   1  3  
 2 T.J Brodie               Mattias Backman                                   40     1   1  3  

Penalty Kill 4 Players Forward 
   Center                   Wing                     Time % Phy DF OF 
 1 Anton Gustafsson         Chris Lawrence           60     1   2  2  
 2 Markus Granlund          Nicolas Kerdiles         40     1   2  2  

Penalty Kill 4 Players Defense
   Defense                  Defense                  Time % Phy DF OF 
 1 Barret Jackman           Josh Morrissey           60     1   3  1  
 2 Christian Djoos          Andreas Englund          40     1   3  1  

Penalty Kill - 3 Players Forward 
   Forward                                           Time % Phy DF OF 
 1 Chris Lawrence                                    60     1   3  1  
 2 Anton Gustafsson                                  40     1   3  1  

Penalty Kill - 3 Players Defense
   Defense                  Defense                  Time % Phy DF OF 
 1 Barret Jackman           Josh Morrissey           60     1   3  1  
 2 Christian Djoos          Andreas Englund          40     1   3  1  

4 vs 4 Forward 
   Center                   Wing                     Time % Phy DF OF 
 1 Anton Gustafsson         Nicolas Kerdiles         60     1   2  2  
 2 Scott Laughton           Chris Lawrence           40     1   2  2  

4 vs 4 Defense
   Defense                  Defense                  Time % Phy DF OF 
 1 Barret Jackman           Josh Morrissey           60     1   2  2  
 2 Andreas Englund          T.J Brodie               40     1   2  2  

Last Minutes Offensive
   Center                   Left Wing                Right Wing               Defense                  Defense                  
   Anton Gustafsson         Blake Geoffrion          Chris Lawrence           Barret Jackman           T.J Brodie               

Last Minutes Defensive
   Center                   Left Wing                Right Wing               Defense                  Defense                  
   Anton Gustafsson         Nicolas Kerdiles         Mark McNeill             Barret Jackman           Josh Morrissey           

Goaltenders
Starting : Tristan Jarry            
Backup : Linus Ullmark            

Extra Forwards
Normal : Oskar Lindblom, Hunter Shinkaruk, Nicolas Kerdiles - PP : Oskar Lindblom, Hunter Shinkaruk - PK : Oskar Lindblom
Extra Defensemen
Normal : Trevor Van Riemsdyk, Mattias Backman, Christian Djoos - PP : Trevor Van Riemsdyk - PK : Trevor Van Riemsdyk, Christian Djoos
Penalty Shots
Blake Geoffrion, Anton Gustafsson, Oskar Lindblom, Markus Granlund, Scott Laughton

Scratches
Ryan Olsen (Healthy), Adam Almquist (Healthy), Mat Clark (Bruised Left Foot Injury), Nicolas Deslauriers (Torn Right Knee Ligaments Injury), Stanislav Galiev (Healthy)
Mark MacMillan (Healthy), Troy Bourke (Healthy), Alexandre Mallet (Healthy), Riley Barber (Healthy), David Fischer (Unknown)
Josh Wesley (Healthy), Niklas Svedberg (Healthy)

% Time on Ice - Knights

Lines # - Real PCT - Wanted PCT - Time Play
Normal Forward
1 - 35% - 40% - 18:37
2 - 28% - 30% - 15:04
3 - 22% - 20% - 11:49
4 - 15% - 10% - 8:17
Normal Defense
1 - 39% - 40% - 20:55
2 - 31% - 30% - 16:41
3 - 21% - 20% - 11:20
4 - 9% - 10% - 4:51
PP Forward
1 - 59% - 60% - 2:29
2 - 41% - 40% - 1:45
PP Defense
1 - 64% - 60% - 2:42
2 - 36% - 40% - 1:32
PK Forward
1 - 100% - 60% - 0:05
2 - 0% - 40% - 0:00
PK Defense
1 - 0% - 60% - 0:00
2 - 100% - 40% - 0:05
PK3 Forward
1 - 0% - 60%
2 - 0% - 40%
PK3 Defense
1 - 0% - 60%
2 - 0% - 40%
44 Forward
1 - 63% - 60% - 1:12
2 - 37% - 40% - 0:42
44 Defense
1 - 58% - 60% - 1:06
2 - 42% - 40% - 0:48
Last Minute Offensive  - 0:00
Last Minute Defensive  - 0:00
Total
Forward - 60:00
Defense - 60:00

% Time on Ice - Carnivores

Lines # - Real PCT - Wanted PCT - Time Play
Normal Forward
1 - 36% - 40% - 19:22
2 - 27% - 30% - 14:18
3 - 20% - 20% - 10:37
4 - 18% - 10% - 9:30
Normal Defense
1 - 37% - 40% - 20:00
2 - 31% - 30% - 16:31
3 - 22% - 20% - 11:50
4 - 10% - 10% - 5:26
PP Forward
1 - 100% - 60% - 0:05
2 - 0% - 40% - 0:00
PP Defense
1 - 100% - 60% - 0:05
2 - 0% - 40% - 0:00
PK Forward
1 - 91% - 60% - 3:52
2 - 9% - 40% - 0:22
PK Defense
1 - 69% - 60% - 2:54
2 - 31% - 40% - 1:20
PK3 Forward
1 - 0% - 60%
2 - 0% - 40%
PK3 Defense
1 - 0% - 60%
2 - 0% - 40%
44 Forward
1 - 54% - 60% - 1:02
2 - 46% - 40% - 0:52
44 Defense
1 - 61% - 60% - 1:10
2 - 39% - 40% - 0:44
Last Minute Offensive  - 0:00
Last Minute Defensive  - 0:00
Total
Forward - 60:00
Defense - 60:00

Play-by-Play

1st period


0:01 of 1st period - Noel Acciari wins face-off versus Scott Laughton in neutral zone.
0:09 of 1st period - Off-side.
0:10 of 1st period - Noel Acciari wins face-off versus Scott Laughton in neutral zone.
0:28 of 1st period - Minor Penalty to Scott Laughton for Goalie Interference.
0:29 of 1st period - Anton Gustafsson wins face-off versus Noel Acciari in Carnivores zone.
0:33 of 1st period - Minor Penalty to Josh Bailey for Roughing.
0:34 of 1st period - Noel Acciari wins face-off versus Anton Gustafsson in Knights zone.
1:00 of 1st period - Jaccob Slavin is hit by Barret Jackman and loses puck.
1:25 of 1st period - Tomas Kundratek is hit by Nicolas Kerdiles and loses puck.
2:28 of 1st period - Penalty to Scott Laughton is over, Scott Laughton is back on ice.
2:33 of 1st period - Penalty to Josh Bailey is over, Josh Bailey is back on ice.
3:10 of 1st period - Mattias Backman is hit by Nathan Walker and loses puck.
3:31 of 1st period - Wrist shot by Josh Bailey.
3:31 of 1st period - Shot Blocked by Mattias Backman.
3:45 of 1st period - Noel Acciari is hit by Blake Geoffrion and loses puck.
4:00 of 1st period - Snap shot by Linden Vey.
4:00 of 1st period - Shot Blocked by T.J Brodie.
4:02 of 1st period - Slapshot by Collin Miller.
4:02 of 1st period - Stopped by Tristan Jarry with a rebound.
4:58 of 1st period - Josh Morrissey is hit by Brendan Gaunce and loses puck.
5:15 of 1st period - Wrist shot by Brett Connolly.
5:15 of 1st period - Shot Misses the Net.
5:51 of 1st period - Olli Maatta is hit by Scott Laughton and loses puck.
5:58 of 1st period - Snap shot by Dwight King.
5:58 of 1st period - Stopped by Tristan Jarry with a rebound.
7:58 of 1st period - Icing by Josh Bailey.
7:59 of 1st period - Scott Laughton wins face-off versus Noel Acciari in Knights zone.
8:00 of 1st period - Snap shot by Blake Geoffrion.
8:00 of 1st period - Stopped by Elvis Merzlikins without a rebound.
8:01 of 1st period - Scott Laughton wins face-off versus Noel Acciari in Knights zone.
8:10 of 1st period - Wrist shot by Noel Acciari.
8:10 of 1st period - Deflect By Dwight King.
8:10 of 1st period - Stopped by Tristan Jarry without a rebound.
8:11 of 1st period - Scott Laughton wins face-off versus Ryan Strome in Carnivores zone.
9:09 of 1st period - Slapshot by Brendan Gaunce.
9:09 of 1st period - Stopped by Tristan Jarry with a rebound.
9:11 of 1st period - Snap shot by Michael Matheson.
9:11 of 1st period - Stopped by Tristan Jarry without a rebound.
9:12 of 1st period - Noel Acciari wins face-off versus Scott Laughton in Carnivores zone.
9:13 of 1st period - Snap shot by Dwight King.
9:13 of 1st period - Shot Misses the Net.
9:15 of 1st period - Slapshot by Jaccob Slavin.
9:15 of 1st period - Stopped by Tristan Jarry with a rebound.
9:17 of 1st period - Snap shot by Jaccob Slavin.
9:17 of 1st period - Deflect By Blake Geoffrion.
9:17 of 1st period - Stopped by Tristan Jarry with a rebound.
10:22 of 1st period - Snap shot by Hunter Shinkaruk.
10:22 of 1st period - Stopped by Elvis Merzlikins with a rebound.
11:45 of 1st period - Snap shot by Noel Acciari.
11:45 of 1st period - Deflect By Mark McNeill.
11:45 of 1st period - Stopped by Tristan Jarry with a rebound.
12:37 of 1st period - Collin Miller is hit by Christian Djoos and loses puck.
12:54 of 1st period - Brett Connolly is hit by Collin Miller and loses puck.
13:03 of 1st period - Snap shot by Noel Acciari.
13:03 of 1st period - Shot Misses the Net.
13:05 of 1st period - Slapshot by Ryan Strome.
13:05 of 1st period - Shot Blocked by Trevor Van Riemsdyk.
13:15 of 1st period - Wrist shot by Blake Geoffrion.
13:15 of 1st period - Shot Blocked by Ludwig Bystrom.
13:39 of 1st period - Snap shot by Jordan Martinook.
13:39 of 1st period - Shot Blocked by Mattias Backman.
13:45 of 1st period - Miro Aaltonen is hit by Nicolas Kerdiles and loses puck.
14:18 of 1st period - Snap shot by Ryan Strome.
14:18 of 1st period - Stopped by Tristan Jarry with a rebound.
14:22 of 1st period - Wrist shot by Ryan Strome.
14:22 of 1st period - Shot Misses the Net.
14:24 of 1st period - Slapshot by Michael Matheson.
14:24 of 1st period - Shot Blocked by Barret Jackman.
14:26 of 1st period - Slapshot by Ludwig Bystrom.
14:26 of 1st period - Stopped by Tristan Jarry without a rebound.
14:27 of 1st period - Noel Acciari wins face-off versus Scott Laughton in Carnivores zone.
15:03 of 1st period - Snap shot by Scott Laughton.
15:03 of 1st period - Stopped by Elvis Merzlikins without a rebound.
15:04 of 1st period - Anton Gustafsson wins face-off versus Miro Aaltonen in Knights zone.
15:05 of 1st period - Snap shot by Joel Armia.
15:05 of 1st period - Stopped by Elvis Merzlikins with a rebound.
15:17 of 1st period - Snap shot by Miro Aaltonen.
15:17 of 1st period - Shot Misses the Net.
15:51 of 1st period - Snap shot by Brett Connolly.
15:51 of 1st period - Stopped by Elvis Merzlikins with a rebound.
15:53 of 1st period - Wrist shot by Hunter Shinkaruk.
15:53 of 1st period - Shot Blocked by Nikolaj Ehlers.
15:55 of 1st period - Slapshot by Christian Djoos.
15:55 of 1st period - Stopped by Elvis Merzlikins without a rebound.
15:56 of 1st period - Lucas Wallmark wins face-off versus Miro Aaltonen in Knights zone.
16:00 of 1st period - Icing by Tomas Kundratek.
16:01 of 1st period - Miro Aaltonen wins face-off versus Scott Laughton in Knights zone.
17:21 of 1st period - Wrist shot by Vince Hinostroza.
17:21 of 1st period - Stopped by Tristan Jarry with a rebound.
17:33 of 1st period - Wrist shot by Chris Lawrence.
17:33 of 1st period - Stopped by Elvis Merzlikins with a rebound.
17:35 of 1st period - Wrist shot by Blake Geoffrion.
17:35 of 1st period - Deflect By Scott Laughton.
17:35 of 1st period - Shot Blocked by Collin Miller.
17:35 of 1st period - Puck is out of play.
17:36 of 1st period - Scott Laughton wins face-off versus Miro Aaltonen in Knights zone.
17:39 of 1st period - Wrist shot by Chris Lawrence.
17:39 of 1st period - Shot Blocked by Miro Aaltonen.
17:41 of 1st period - Snap shot by Blake Geoffrion.
17:41 of 1st period - Deflect By Chris Lawrence.
17:41 of 1st period - Shot Misses the Net.
17:41 of 1st period - Puck is out of play.
17:42 of 1st period - Scott Laughton wins face-off versus Noel Acciari in Knights zone.
18:09 of 1st period - Wrist shot by Joel Armia.
18:09 of 1st period - Stopped by Elvis Merzlikins with a rebound.
18:39 of 1st period - Anton Gustafsson is hit by Collin Miller and loses puck.
19:19 of 1st period - Slapshot by Blake Geoffrion.
19:19 of 1st period - Stopped by Elvis Merzlikins without a rebound.
19:20 of 1st period - Scott Laughton wins face-off versus Noel Acciari in Knights zone.
19:27 of 1st period - Backhand shot by Scott Laughton.
19:27 of 1st period - Deflect By Chris Lawrence.
19:27 of 1st period - Goal by Chris Lawrence - Knights : 0 - Carnivores : 1.
19:28 of 1st period - Chris Lawrence wins face-off versus Dwight King in neutral zone.
Goals for this period are 0 for Knights vs 1 for Carnivores.
Shots for this period are 11 for Knights vs 10 for Carnivores.

2nd period


0:01 of 2nd period - Scott Laughton wins face-off versus Noel Acciari in neutral zone.
0:09 of 2nd period - Off-side.
0:10 of 2nd period - Noel Acciari wins face-off versus Scott Laughton in neutral zone.
0:35 of 2nd period - Snap shot by Noel Acciari.
0:35 of 2nd period - Shot Blocked by Barret Jackman.
0:48 of 2nd period - Wrist shot by Ryan Strome.
0:48 of 2nd period - Shot Misses the Net.
1:35 of 2nd period - Snap shot by Chris Lawrence.
1:35 of 2nd period - Stopped by Elvis Merzlikins with a rebound.
1:37 of 2nd period - Slapshot by Barret Jackman.
1:37 of 2nd period - Deflect By Dwight King.
1:37 of 2nd period - Stopped by Elvis Merzlikins without a rebound.
1:38 of 2nd period - Anton Gustafsson wins face-off versus Miro Aaltonen in Knights zone.
1:39 of 2nd period - Snap shot by Joel Armia.
1:39 of 2nd period - Stopped by Elvis Merzlikins without a rebound.
1:40 of 2nd period - Anton Gustafsson wins face-off versus Miro Aaltonen in Knights zone.
2:05 of 2nd period - Linden Vey is hit by Markus Granlund and loses puck.
2:16 of 2nd period - Slapshot by Mark McNeill.
2:16 of 2nd period - Deflect By Collin Miller.
2:16 of 2nd period - Goal by Mark McNeill - Knights : 0 - Carnivores : 2.
2:17 of 2nd period - Anton Gustafsson wins face-off versus Miro Aaltonen in neutral zone.
2:20 of 2nd period - Slapshot by Josh Morrissey.
2:20 of 2nd period - Deflect By Nicolas Kerdiles.
2:20 of 2nd period - Shot Blocked by Michael Matheson.
2:20 of 2nd period - Puck is out of play.
2:21 of 2nd period - Miro Aaltonen wins face-off versus Anton Gustafsson in Knights zone.
2:35 of 2nd period - Snap shot by Anton Gustafsson.
2:35 of 2nd period - Shot Misses the Net.
2:49 of 2nd period - Blake Geoffrion is hit by Ryan Strome and loses puck.
3:12 of 2nd period - Wrist shot by Jaccob Slavin.
3:12 of 2nd period - Stopped by Tristan Jarry with a rebound.
3:14 of 2nd period - Wrist shot by Linden Vey.
3:14 of 2nd period - Shot Misses the Net.
3:16 of 2nd period - Wrist shot by Linden Vey.
3:16 of 2nd period - Shot Blocked by Josh Morrissey.
3:18 of 2nd period - Snap shot by Linden Vey.
3:18 of 2nd period - Stopped by Tristan Jarry with a rebound.
3:44 of 2nd period - Mark McNeill is hit by Tomas Kundratek and loses puck.
3:55 of 2nd period - Wrist shot by Chris Lawrence.
3:55 of 2nd period - Shot Misses the Net.
4:36 of 2nd period - Snap shot by Dwight King.
4:36 of 2nd period - Deflect By Noel Acciari.
4:36 of 2nd period - Shot Blocked by T.J Brodie.
4:36 of 2nd period - Puck is out of play.
4:37 of 2nd period - Lucas Wallmark wins face-off versus Noel Acciari in Carnivores zone.
4:46 of 2nd period - Slapshot by Dwight King.
4:46 of 2nd period - Stopped by Tristan Jarry without a rebound.
4:47 of 2nd period - Noel Acciari wins face-off versus Scott Laughton in Carnivores zone.
5:21 of 2nd period - Wrist shot by Anton Gustafsson.
5:21 of 2nd period - Goal by Anton Gustafsson - Knights : 0 - Carnivores : 3.
5:22 of 2nd period - Noel Acciari wins face-off versus Scott Laughton in neutral zone.
5:53 of 2nd period - Slapshot by Jaccob Slavin.
5:53 of 2nd period - Shot Blocked by Josh Morrissey.
6:17 of 2nd period - Wrist shot by Markus Granlund.
6:17 of 2nd period - Goal by Markus Granlund - Knights : 0 - Carnivores : 4.
6:17 of 2nd period - Magnus Hellberg enters game.
6:18 of 2nd period - Noel Acciari wins face-off versus Scott Laughton in neutral zone.
7:04 of 2nd period - Icing by Nicolas Kerdiles.
7:05 of 2nd period - Anton Gustafsson wins face-off versus Miro Aaltonen in Carnivores zone.
7:09 of 2nd period - Off-side.
7:10 of 2nd period - Miro Aaltonen wins face-off versus Scott Laughton in neutral zone.
7:17 of 2nd period - Snap shot by Scott Laughton.
7:17 of 2nd period - Shot Blocked by Tomas Kundratek.
7:55 of 2nd period - Josh Bailey is hit by Andreas Englund and loses puck.
8:28 of 2nd period - Snap shot by Dwight King.
8:28 of 2nd period - Shot Misses the Net.
8:30 of 2nd period - Snap shot by Ryan Strome.
8:30 of 2nd period - Deflect By Noel Acciari.
8:30 of 2nd period - Shot Blocked by Andreas Englund.
8:30 of 2nd period - Puck is out of play.
8:31 of 2nd period - Scott Laughton wins face-off versus Noel Acciari in Carnivores zone.
9:16 of 2nd period - Wrist shot by Dwight King.
9:16 of 2nd period - Shot Misses the Net.
9:18 of 2nd period - Snap shot by Ludwig Bystrom.
9:18 of 2nd period - Stopped by Tristan Jarry with a rebound.
9:20 of 2nd period - Minor Penalty to Chris Lawrence for Interference.
9:21 of 2nd period - Noel Acciari wins face-off versus Anton Gustafsson in Carnivores zone.
9:26 of 2nd period - Slapshot by Nikolaj Ehlers.
9:26 of 2nd period - Goal by Nikolaj Ehlers - Knights : 1 - Carnivores : 4.
9:27 of 2nd period - Anton Gustafsson wins face-off versus Noel Acciari in neutral zone.
9:48 of 2nd period - Minor Penalty to Anton Gustafsson for Holding.
9:49 of 2nd period - Oskar Lindblom wins face-off versus Noel Acciari in Carnivores zone.
10:14 of 2nd period - Barret Jackman is hit by Ryan Strome.
10:41 of 2nd period - Snap shot by Miro Aaltonen.
10:41 of 2nd period - Stopped by Tristan Jarry with a rebound.
11:31 of 2nd period - Jaccob Slavin is hit by Josh Morrissey.
11:48 of 2nd period - Penalty to Anton Gustafsson is over, Anton Gustafsson is back on ice.
12:00 of 2nd period - Josh Morrissey is hit by Nathan Walker and loses puck.
12:19 of 2nd period - Wrist shot by Markus Granlund.
12:19 of 2nd period - Shot Misses the Net.
13:07 of 2nd period - Wrist shot by Markus Granlund.
13:07 of 2nd period - Deflect By Mark McNeill.
13:07 of 2nd period - Stopped by Magnus Hellberg without a rebound.
13:08 of 2nd period - Miro Aaltonen wins face-off versus Markus Granlund in Knights zone.
13:08 of 2nd period - Miro Aaltonen is hit by Markus Granlund.
15:07 of 2nd period - Slapshot by Markus Granlund.
15:07 of 2nd period - Shot Misses the Net.
15:09 of 2nd period - Slapshot by Mattias Backman.
15:09 of 2nd period - Shot Blocked by Olli Maatta.
15:19 of 2nd period - Nicolas Kerdiles is hit by Collin Miller and loses puck.
15:43 of 2nd period - Christian Djoos is hit by Tomas Kundratek and loses puck.
15:54 of 2nd period - Jordan Martinook is hit by Chris Lawrence and loses puck.
17:45 of 2nd period - Snap shot by Anton Gustafsson.
17:45 of 2nd period - Shot Misses the Net.
17:47 of 2nd period - Wrist shot by Anton Gustafsson.
17:47 of 2nd period - Shot Misses the Net.
17:49 of 2nd period - Wrist shot by Nicolas Kerdiles.
17:49 of 2nd period - Shot Blocked by Tomas Kundratek.
17:53 of 2nd period - Wrist shot by Nicolas Kerdiles.
17:53 of 2nd period - Shot Blocked by Jaccob Slavin.
17:55 of 2nd period - Slapshot by Nicolas Kerdiles.
17:55 of 2nd period - Stopped by Magnus Hellberg with a rebound.
18:45 of 2nd period - Scott Laughton is hit by Dwight King and loses puck.
19:06 of 2nd period - Wrist shot by Linden Vey.
19:06 of 2nd period - Shot Blocked by Christian Djoos.
19:12 of 2nd period - Collin Miller is hit by Christian Djoos and loses puck.
Goals for this period are 1 for Knights vs 3 for Carnivores.
Shots for this period are 6 for Knights vs 8 for Carnivores.

3rd period


0:01 of 3rd period - Scott Laughton wins face-off versus Noel Acciari in neutral zone.
0:06 of 3rd period - Slapshot by Josh Morrissey.
0:06 of 3rd period - Stopped by Magnus Hellberg without a rebound.
0:07 of 3rd period - Scott Laughton wins face-off versus Noel Acciari in Knights zone.
0:33 of 3rd period - Off-side.
0:34 of 3rd period - Miro Aaltonen wins face-off versus Anton Gustafsson in neutral zone.
0:59 of 3rd period - Michael Matheson is hit by Blake Geoffrion and loses puck.
1:29 of 3rd period - Off-side.
1:30 of 3rd period - Scott Laughton wins face-off versus Noel Acciari in neutral zone.
1:42 of 3rd period - Snap shot by Scott Laughton.
1:42 of 3rd period - Deflect By Chris Lawrence.
1:42 of 3rd period - Stopped by Magnus Hellberg with a rebound.
2:05 of 3rd period - Tomas Kundratek is hit by Anton Gustafsson and loses puck.
2:46 of 3rd period - Backhand shot by Nathan Walker.
2:46 of 3rd period - Shot Blocked by Christian Djoos.
2:58 of 3rd period - Slapshot by Blake Geoffrion.
2:58 of 3rd period - Shot Misses the Net.
3:04 of 3rd period - Wrist shot by Dwight King.
3:04 of 3rd period - Shot Misses the Net.
3:06 of 3rd period - Snap shot by Noel Acciari.
3:06 of 3rd period - Stopped by Tristan Jarry with a rebound.
3:08 of 3rd period - Snap shot by Ryan Strome.
3:08 of 3rd period - Stopped by Tristan Jarry without a rebound.
3:09 of 3rd period - Miro Aaltonen wins face-off versus Anton Gustafsson in Carnivores zone.
3:20 of 3rd period - Wrist shot by Anton Gustafsson.
3:20 of 3rd period - Stopped by Magnus Hellberg with a rebound.
3:46 of 3rd period - Minor Penalty to Scott Laughton for Tripping.
3:47 of 3rd period - Noel Acciari wins face-off versus Anton Gustafsson in Carnivores zone.
3:47 of 3rd period - Slapshot by Josh Bailey.
3:47 of 3rd period - Shot Misses the Net.
3:49 of 3rd period - Snap shot by Josh Bailey.
3:49 of 3rd period - Shot Misses the Net.
3:51 of 3rd period - Wrist shot by Nikolaj Ehlers.
3:51 of 3rd period - Goal by Nikolaj Ehlers - Knights : 2 - Carnivores : 4.
3:52 of 3rd period - Noel Acciari wins face-off versus Scott Laughton in neutral zone.
4:01 of 3rd period - Snap shot by Noel Acciari.
4:01 of 3rd period - Stopped by Tristan Jarry with a rebound.
4:19 of 3rd period - Josh Morrissey is hit by Jordan Martinook and loses puck.
4:24 of 3rd period - Backhand shot by Miro Aaltonen.
4:24 of 3rd period - Shot Blocked by Barret Jackman.
4:26 of 3rd period - Snap shot by Josh Bailey.
4:26 of 3rd period - Deflect By Jordan Martinook.
4:26 of 3rd period - Stopped by Tristan Jarry with a rebound.
4:48 of 3rd period - Wrist shot by Nathan Walker.
4:48 of 3rd period - Stopped by Tristan Jarry without a rebound.
4:49 of 3rd period - Scott Laughton wins face-off versus Noel Acciari in Carnivores zone.
4:49 of 3rd period - Scott Laughton is hit by Noel Acciari.
5:05 of 3rd period - Slapshot by T.J Brodie.
5:05 of 3rd period - Shot Misses the Net.
5:15 of 3rd period - Oskar Lindblom is hit by Josh Bailey and loses puck.
5:24 of 3rd period - Snap shot by Markus Granlund.
5:24 of 3rd period - Shot Blocked by Olli Maatta.
5:56 of 3rd period - Snap shot by Blake Geoffrion.
5:56 of 3rd period - Shot Misses the Net.
6:02 of 3rd period - Josh Morrissey is hit by Linden Vey and loses puck.
6:41 of 3rd period - Wrist shot by Nikolaj Ehlers.
6:41 of 3rd period - Stopped by Tristan Jarry without a rebound.
6:42 of 3rd period - Noel Acciari wins face-off versus Joel Armia in Carnivores zone.
6:43 of 3rd period - Snap shot by Ryan Strome.
6:43 of 3rd period - Stopped by Tristan Jarry without a rebound.
6:44 of 3rd period - Anton Gustafsson wins face-off versus Noel Acciari in Carnivores zone.
6:44 of 3rd period - Anton Gustafsson is hit by Ryan Strome.
7:27 of 3rd period - Slapshot by Jaccob Slavin.
7:27 of 3rd period - Stopped by Tristan Jarry without a rebound.
7:28 of 3rd period - Scott Laughton wins face-off versus Miro Aaltonen in Carnivores zone.
7:28 of 3rd period - Scott Laughton is hit by Josh Bailey.
7:38 of 3rd period - Snap shot by Miro Aaltonen.
7:38 of 3rd period - Stopped by Tristan Jarry with a rebound.
7:40 of 3rd period - Snap shot by Jordan Martinook.
7:40 of 3rd period - Deflect By Josh Bailey.
7:40 of 3rd period - Shot Misses the Net.
7:40 of 3rd period - Puck is out of play.
7:41 of 3rd period - Scott Laughton wins face-off versus Miro Aaltonen in Carnivores zone.
7:56 of 3rd period - Slapshot by Blake Geoffrion.
7:56 of 3rd period - Shot Misses the Net.
8:31 of 3rd period - Dwight King is hit by Nicolas Kerdiles and loses puck.
8:52 of 3rd period - Wrist shot by Josh Bailey.
8:52 of 3rd period - Stopped by Tristan Jarry with a rebound.
8:54 of 3rd period - Wrist shot by Tomas Kundratek.
8:54 of 3rd period - Shot Misses the Net.
9:17 of 3rd period - Snap shot by Vince Hinostroza.
9:17 of 3rd period - Stopped by Tristan Jarry without a rebound.
9:18 of 3rd period - Nicolas Petan wins face-off versus Scott Laughton in Carnivores zone.
9:18 of 3rd period - Nicolas Petan is hit by Josh Morrissey.
9:27 of 3rd period - Minor Penalty to Barret Jackman for Slashing.
9:28 of 3rd period - Anton Gustafsson wins face-off versus Noel Acciari in Carnivores zone.
10:31 of 3rd period - Andreas Englund is hit by Josh Bailey and loses puck.
11:14 of 3rd period - Josh Bailey is hit by Oskar Lindblom and loses puck.
11:27 of 3rd period - Penalty to Barret Jackman is over, Barret Jackman is back on ice.
12:38 of 3rd period - Andreas Englund is hit by Linden Vey and loses puck.
12:49 of 3rd period - Slapshot by Joel Armia.
12:49 of 3rd period - Stopped by Magnus Hellberg with a rebound.
12:51 of 3rd period - Snap shot by Lucas Wallmark.
12:51 of 3rd period - Stopped by Magnus Hellberg without a rebound.
12:52 of 3rd period - Miro Aaltonen wins face-off versus Lucas Wallmark in Knights zone.
12:52 of 3rd period - Miro Aaltonen is hit by Brett Connolly.
13:57 of 3rd period - Mark McNeill is hit by Ludwig Bystrom and loses puck.
14:02 of 3rd period - Snap shot by Nicolas Petan.
14:02 of 3rd period - Stopped by Tristan Jarry with a rebound.
14:34 of 3rd period - Andreas Englund is hit by Jordan Martinook and loses puck.
14:41 of 3rd period - Wrist shot by Josh Bailey.
14:41 of 3rd period - Shot Blocked by Blake Geoffrion.
15:02 of 3rd period - Wrist shot by Nicolas Kerdiles.
15:02 of 3rd period - Stopped by Magnus Hellberg with a rebound.
15:04 of 3rd period - Snap shot by Joel Armia.
15:04 of 3rd period - Shot Blocked by Tomas Kundratek.
15:06 of 3rd period - Slapshot by Barret Jackman.
15:06 of 3rd period - Shot Blocked by Jaccob Slavin.
15:08 of 3rd period - Snap shot by Nicolas Kerdiles.
15:08 of 3rd period - Shot Misses the Net.
15:10 of 3rd period - Slapshot by Josh Morrissey.
15:10 of 3rd period - Shot Misses the Net.
15:12 of 3rd period - Wrist shot by Nicolas Kerdiles.
15:12 of 3rd period - Shot Misses the Net.
15:22 of 3rd period - Ryan Strome is hit by Hunter Shinkaruk and loses puck.
15:29 of 3rd period - Hunter Shinkaruk is hit by Michael Matheson.
16:12 of 3rd period - Icing by Mattias Backman.
16:13 of 3rd period - Scott Laughton wins face-off versus Miro Aaltonen in Carnivores zone.
16:22 of 3rd period - Icing by Jordan Martinook.
16:23 of 3rd period - Lucas Wallmark wins face-off versus Miro Aaltonen in Knights zone.
16:40 of 3rd period - Wrist shot by Olli Maatta.
16:40 of 3rd period - Shot Misses the Net.
16:47 of 3rd period - Icing by Lucas Wallmark.
16:48 of 3rd period - Brendan Gaunce wins face-off versus Brett Connolly in Carnivores zone.
17:13 of 3rd period - Noel Acciari is hit by Markus Granlund and loses puck.
18:05 of 3rd period - Off-side.
18:06 of 3rd period - Brendan Gaunce wins face-off versus Markus Granlund in neutral zone.
18:36 of 3rd period - Wrist shot by Blake Geoffrion.
18:36 of 3rd period - Stopped by Magnus Hellberg with a rebound.
18:38 of 3rd period - Snap shot by Scott Laughton.
18:38 of 3rd period - Stopped by Magnus Hellberg with a rebound.
18:40 of 3rd period - Slapshot by T.J Brodie.
18:40 of 3rd period - Stopped by Magnus Hellberg without a rebound.
18:41 of 3rd period - Markus Granlund wins face-off versus Noel Acciari in Knights zone.
18:42 of 3rd period - Backhand shot by Mark McNeill.
18:42 of 3rd period - Stopped by Magnus Hellberg without a rebound.
18:43 of 3rd period - Noel Acciari wins face-off versus Markus Granlund in Knights zone.
18:56 of 3rd period - Wrist shot by Mark McNeill.
18:56 of 3rd period - Stopped by Magnus Hellberg with a rebound.
18:58 of 3rd period - Wrist shot by Oskar Lindblom.
18:58 of 3rd period - Stopped by Magnus Hellberg with a rebound.
19:42 of 3rd period - Icing by Noel Acciari.
19:43 of 3rd period - Noel Acciari wins face-off versus Oskar Lindblom in Knights zone.
Goals for this period are 1 for Knights vs 0 for Carnivores.
Shots for this period are 13 for Knights vs 12 for Carnivores.